 Dungeon Sprint DCSS version 0.31-a0-256-g80acddb972 (webtiles) character file.

Game seed: 16395917979319047421

2223 Conn the Thaumaturge (level 9, -2/54 HPs)
             Began as an Octopode Fire Elementalist on July 13, 2023.
             Was a Believer of Sif Muna.
             Slain by a polar bear (26 damage)
             ... in the Dungeon (Sprint II: "The Violet Keep of Menkaure").
             The game lasted 00:06:38 (510 turns).

Conn the Thaumaturge (Octopode Fire Elementalist)    Turns: 510, Time: 00:06:39

Health: -2/54      AC:  1    Str:  8    XL:     9   Next: 35%
Magic:  0/25       EV: 15    Int: 21    God:    Sif Muna [**....]
Gold:   606        SH:  0    Dex: 12    Spells: 22/32 levels left

rFire   . . .        i - +0 dagger
rCold   . . .        (no shield)
rNeg    . . .        (helmet restricted)
rPois   .            (no amulet)
rElec   .            (no ring)
rCorr   .            (no ring)
SInv    .            (no ring)
Will    .....        (no ring)
Stlth   +++++        (no ring)
HPRegen 0.29/turn    (no ring)
MPRegen 0.19/turn    (no ring)
                     (no ring)

%: no teleportation
@: no status effects
A: almost no armour, amphibious, 8 rings, camouflage 1, gelatinous body 1,
nimble swimmer 1, tentacles
a: Renounce Religion, Channel Magic


You were in the Dungeon.
You worshipped Sif Muna.
Sif Muna was pleased with you.
You visited 1 branch You collected 606 gold pieces.

Inventory:

Hand Weapons
 i - a +0 dagger (weapon)
Scrolls
 f - 4 scrolls of blinking
 g - a scroll of fear
 h - a scroll of revelation
 j - a scroll of enchant weapon
 n - a scroll of poison
 o - 2 scrolls of amnesia
 p - a scroll of fog
 q - a scroll of immolation
Potions
 a - 6 potions of magic
 c - 3 potions of heal wounds
 d - 2 potions of berserk rage
 e - 2 potions of enlightenment
 k - 5 potions of resistance
 l - a potion of brilliance
 r - a potion of curing


   Skills:
 + Level 2.3 Fighting
 + Level 1.2 Short Blades
 + Level 5.6 Dodging
 + Level 7.4 Stealth
 - Level 1.6 Unarmed Combat
 * Level 12.1 Spellcasting
 * Level 8.1 Conjurations
 + Level 2.2 Hexes
 + Level 11.9 Fire Magic


You had 22 spell levels left.
You knew the following spells:

 Your Spells              Type           Power      Damage    Failure   Level
a - Foxfire               Conj/Fire      100%       2x1d9     1%          1
b - Scorch                Fire           100%       2d9       1%          2
c - Inner Flame           Hex/Fire       42%        N/A       1%          3
d - Flame Wave            Conj/Fire      53%        2d13      1%          4

Your spell library contained the following spells:

 Spells                   Type           Power      Damage    Failure   Level
 Volatile Blastmotes      Fire/Tloc      74%        2d16      1%          3


Dungeon Overview and Level Annotations

Branches:
Dungeon (1/1)

Altars:
Cheibriados
Dithmenos
Elyvilon
Fedhas
Gozag
Hepliaklqana
Kikubaaqudgha
Makhleb
Nemelex Xobeh
Okawaru
Qazlal
Ru
Sif Muna
Trog
Uskayaw
Vehumet
Wu Jian
Xom
Yredelemnul
Zin
The Shining One
Jiyva
Lugonu


Innate Abilities, Weirdness & Mutations

You cannot wear most types of armour.
You are amphibious.
You can wear up to eight rings at the same time.
Your skin changes colour to match your surroundings (Stealth+).
Your rubbery body absorbs attacks. (AC +1, EV +1)
You are camouflaged when in or above water. (Stealth+)
You have tentacles for arms and can constrict up to eight enemies at once.


Message History

Your Spellcasting skill increases to level 12!
Your Conjurations skill increases to level 8!
Unknown command.
Unknown command.
Things that are here:
a +0 arbalest; a yaktaur corpse The polar bear growls angrily.
A polar bear comes into view.
Things that are here:
a +0 arbalest; a yaktaur corpse
There is an open door here.
You enter the shallow water.
You see here a water moccasin skeleton.
The flying skull gives a hideous shriek!
Casting: Scorch (safe; 1% risk of failure)
Confirm with . or Enter, or press ? or * to list all spells.
Flames lash the polar bear.
The polar bear is lightly wounded.
The polar bear's fire resistance burns away.
The flying skull gives a hideous shriek! x2
Casting: Scorch (safe; 1% risk of failure)
Confirm with . or Enter, or press ? or * to list all spells.
Casting: Flame Wave (dangerous; 1% risk of failure)
Press: ? - help, Dir - look around, f - activate A wave of flame ripples out!
The flame wave engulfs the polar bear!!
The polar bear is burned terribly!
The polar bear is severely wounded. (Press . to intensify the flame waves.)
The polar bear is engulfed in a cloud of scalding steam.
The polar bear goes berserk!
Unknown command.
Unknown command.
A wave of flame ripples out!
The flame wave engulfs the polar bear!!
The polar bear is burned terribly!
The polar bear is almost dead.
The flame wave engulfs the polar bear!
The polar bear is moderately wounded.
You are engulfed in a cloud of scalding steam.
The polar bear bites you!!
You die...

§§~#....._..#~~§##≈≈≈▓
§.~#...._._.#~~≈§####▓▓
§§~#..._._._#§~~§§##.§#
§§§#.._._._.#~~§§§≈#..#
≈≈~#._._._._#~§~§§§'..+
#§≈#_._._._.#§~§§§§#..#
#≈≈#._._._._#~§h§§§▓..#
#§≈#_._._...#~§§h▓▓▓▓▓▓▓
≈≈≈##########~§§@▓zz.≈z≈
####~~~~~~~~~≈§§§▓z..≈≈≈
###~########≈▓▓▓▓▓▓▓▓▓≈
##~ #▓▓


You could see 2 polar bears and 4 flying skulls.

Vanquished Creatures
  2 deep trolls (D)
  A yaktaur (D)
  A polar bear (D)
  A hornet (D)
  3 water moccasins (D)
  4 scorpions (D)
12 creatures vanquished.

Vanquished Creatures (others)
  A water moccasin (D)
  17 foxfires (D)
18 creatures vanquished.

Grand Total: 30 creatures vanquished

Notes
Turn   | Place    | Note
-------+----------+-------------------------------------------
     0 | D        | Conn the Octopode Fire Elementalist began the quest for the
                  | Orb.
     0 | D        | Reached XP level 1. HP: 11/11 MP: 3/3
     1 | D        | Noticed a merfolk siren
     4 | D        | Noticed a neqoxec
     8 | D        | Noticed a boulder beetle
     8 | D        | Noticed a boulder beetle
    11 | D        | Noticed a scorpion
    11 | D        | Noticed a scorpion
    11 | D        | Noticed a scorpion
    11 | D        | Noticed a scorpion
    17 | D        | Killed a scorpion
    18 | D        | Reached skill level 3 in Spellcasting
    18 | D        | Reached XP level 2. HP: 17/17 MP: 3/6
    18 | D        | Reached XP level 3. HP: 21/21 MP: 4/8
    18 | D        | Reached XP level 4. HP: 27/27 MP: 4/9
    19 | D        | Killed a scorpion
    20 | D        | Reached skill level 1 in Unarmed Combat
    20 | D        | Reached skill level 4 in Spellcasting
    22 | D        | Killed a scorpion
    23 | D        | Reached skill level 5 in Stealth
    23 | D        | Reached skill level 5 in Spellcasting
    23 | D        | Reached XP level 5. HP: 31/31 MP: 4/12
    26 | D        | Reached XP level 6. HP: 36/36 MP: 4/14
    34 | D        | Learned a level 2 spell: Scorch
    38 | D        | Learned a level 3 spell: Inner Flame
    43 | D        | Learned a level 4 spell: Flame Wave
    43 | D        | Noticed a water moccasin
    46 | D        | Killed a water moccasin
    47 | D        | Found an opulent altar of Gozag.
    48 | D        | Found a blossoming altar of Fedhas.
    49 | D        | Found a white marble altar of Elyvilon.
    49 | D        | Found a burning altar of Makhleb.
    50 | D        | Found a shadowy altar of Dithmenos.
    50 | D        | Found a corrupted altar of Lugonu.
    51 | D        | Found a snail-covered altar of Cheibriados.
    51 | D        | Found an ancient bone altar of Kikubaaqudgha.
    51 | D        | Found a bloodstained altar of Trog.
    52 | D        | Found a viscous altar of Jiyva.
    52 | D        | Found a shimmering blue altar of Sif Muna.
    53 | D        | Found a hazy altar of Hepliaklqana.
    53 | D        | Found a sacrificial altar of Ru.
    54 | D        | Found a shimmering altar of Xom.
    55 | D        | Found a stormy altar of Qazlal.
    55 | D        | Found an ornate altar of the Wu Jian Council.
    55 | D        | Found a sparkling altar of Nemelex Xobeh.
    55 | D        | Found a hide-covered altar of Uskayaw.
    55 | D        | Found a basalt altar of Yredelemnul.
    55 | D        | Found a glowing golden altar of the Shining One.
    56 | D        | Found a radiant altar of Vehumet.
    56 | D        | Found an iron altar of Okawaru.
    56 | D        | Found a glowing silver altar of Zin.
    58 | D        | Noticed a water moccasin
    59 | D        | Noticed a water moccasin
    61 | D        | Became a worshipper of Sif Muna the Loreminder
    74 | D        | Noticed a kraken
    75 | D        | Noticed a water moccasin
    86 | D        | Killed a water moccasin
    87 | D        | Reached skill level 6 in Spellcasting
   227 | D        | Killed a water moccasin
   228 | D        | Reached skill level 1 in Fighting
   228 | D        | Reached skill level 7 in Spellcasting
   228 | D        | Reached skill level 5 in Conjurations
   256 | D        | Noticed a flying skull
   257 | D        | Killed a water moccasin
   257 | D        | Reached * piety under Sif Muna
   258 | D        | Reached skill level 5 in Dodging
   258 | D        | Reached XP level 7. HP: 43/43 MP: 0/18
   258 | D        | Noticed a flying skull
   258 | D        | Noticed a flying skull
   259 | D        | Noticed a flying skull
   260 | D        | Noticed a flying skull
   260 | D        | Noticed a flying skull
   279 | D        | Noticed a deep troll
   279 | D        | Noticed a deep troll
   287 | D        | Killed a deep troll
   288 | D        | Reached skill level 9 in Spellcasting
   288 | D        | Reached skill level 1 in Hexes
   288 | D        | Reached skill level 10 in Fire Magic
   288 | D        | Reached XP level 8. HP: 48/48 MP: 0/21
   436 | D        | Killed a deep troll
   437 | D        | Reached skill level 1 in Short Blades
   437 | D        | Reached skill level 11 in Spellcasting
   474 | D        | Noticed a yaktaur
   474 | D        | Noticed a hornet
   474 | D        | Noticed a polar bear
   474 | D        | Noticed a polar bear
   482 | D        | Killed a hornet
   482 | D        | Reached ** piety under Sif Muna
   483 | D        | Reached XP level 9. HP: 4/54 MP: 6/24
   484 | D        | Killed a polar bear
   485 | D        | Killed a yaktaur
   486 | D        | Reached skill level 12 in Spellcasting
   490 | D        | Noticed a polar bear
   510 | D        | Slain by a polar bear

Illustrated notes

Levels and vault maps discovered:
D:        the_violet_keep_of_menkaure [sprint2_stairs_cluster_1,
          sprint2_shoproom, sprint2_temple, sprint2_basic_supplies,
          sprint2_obstacle_3, sprint2_obstacle_2, sprint2_obstacle_4,
          sprint2_obstacle_6, sprint2_obstacle_1, sprint2_timed_cluster_1,
          sprint2_smallroom_cluster_1, sprint2_smallroom_final_cluster_1,
          sprint2_transparent_cluster_1, sprint2_second_timed_cluster_1,
          sprint2_sniper_area_1, sprint2_heavy_combat_area_1,
          sprint2_mutation_trap_area_1, sprint2_forest_area_1,
          sprint2_light_combat_area_1, sprint2_behind_water_1,
          sprint2_near_end_vault_1]

Skill      XL: |  1  2  3  4  5  6  7  8  9 |
---------------+----------------------------+-----
Dodging        | 3 4 5 |  5.6
Stealth        | 4 5 6 7 |  7.4
Spellcasting   | 3 5 7 9 11 12 | 12.1
Fire Magic     | 6 7 8 9 10 11 | 11.9
Unarmed Combat | 1 |  1.6
Conjurations   | 3 5 6 7 8 |  8.1
Fighting       | 1 2 |  2.3
Hexes          | 1 2 |  2.2
Short Blades   | 1 |  1.2

Action                     |  1- 3 |  4- 6 |  7- 9 || total
---------------------------+-------+-------+-------++-------
  Melee: Unarmed           |     4 |     9 |       ||    13
         Constrict         |     1 |     2 |       ||     3
         Tentacles         |       |     3 |       ||     3
         Dagger            |       |     3 |       ||     3
   Cast: Scorch            |       |    12 |    14 ||    26
         Foxfire           |       |     6 |     4 ||    10
         Inner Flame       |       |     2 |     2 ||     4
         Flame Wave        |       |     1 |     2 ||     3
    Use: Potion            |     2 |     6 |     1 ||     9
         Scroll            |       |     7 |       ||     7
 Armour: Skin              |       |     1 |     1 ||     2
  Dodge: Dodged            |     3 |     9 |     6 ||    18

Table legend: (Time is in decaauts)
 A = Elapsed time spent in this place.
 B = Non-inter-level travel time spent in this place.
 C = Inter-level travel time spent in this place.
 D = Time resting spent in this place.
 E = Time spent auto-exploring this place.
 F = Levels seen in this place.
 G = Mean time per level.
                   A        B        C        D        E       F      G
               +--------+--------+--------+--------+--------+-----+--------+
         Total |    504 |    504 |      0 |    118 |      0 |   1 |  504.0 |
       Dungeon |    504 |    504 |      0 |    118 |      0 |   1 |  504.0 |
               +--------+--------+--------+--------+--------+-----+--------+

Top non-repeatable levels by time:
       D: 504 daAuts
